 Dungeon Crawl Stone Soup version 0.18-a0-1186-gd02dc51 (webtiles) character file.

519 Kidiri the Conjurer (level 7, -1/39 HPs)
             Began as a Deep Elf Conjurer on Jan 28, 2016.
             Was a Follower of Vehumet.
             Killed from afar by an orc wizard (7 damage)
             ... with a puff of frost
             ... on level 4 of the Dungeon.
             The game lasted 00:18:18 (4856 turns).

Kidiri the Conjurer (Deep Elf Conjurer)             Turns: 4856, Time: 00:18:18

Health: -1/39      AC:  4    Str:  5    XL:     7   Next: 1%
Magic:  2/16       EV: 14    Int: 22    God:    Vehumet [*.....]
Gold:   192        SH:  0    Dex: 15    Spells: 5 memorised, 5 levels left

rFire  + . .     SeeInvis .     z - +0 quarterstaff
rCold  . . .     Gourm    .     t - +0 robe {MR+}
rNeg   . . .     Faith    .     (shield currently unavailable)
rPois  .         Spirit   .     a - +0 helmet
rElec  .         Dismiss  .     n - +0 cloak (curse)
rCorr  .         Reflect  .     (no gloves)
SustAt .         Harm     .     (no boots)
MR     ++...                    (no amulet)
Stlth  ++........               A - ring of protection from magic (curse)
                                f - ring of protection from fire

@: very resistant to hostile enchantments, unstealthy
A: no striking features
a: Renounce Religion


You were on level 4 of the Dungeon.
You worshipped Vehumet.
Vehumet was aware of your devotion.
You were not hungry.

You visited 1 branch of the dungeon, and saw 4 of its levels.

You collected 192 gold pieces.

Inventory:

Hand Weapons
 d - a +2 dagger of flaming
 z - a +0 quarterstaff (weapon)
Armour
 a - a +0 helmet (worn)
 e - a +0 leather armour
 n - a cursed +0 cloak (worn)
 t - a +0 robe of magic resistance (worn)
 B - a cursed +0 cloak
Jewellery
 f - a ring of protection from fire (left hand)
 g - an uncursed ring of fire
 A - a cursed ring of protection from magic (right hand)
Scrolls
 i - a scroll of fog
 l - a scroll of amnesia
 m - a scroll of enchant armour
 p - a scroll of recharging
 v - 2 scrolls of immolation
 w - a scroll of fear
Potions
 h - a potion of mutation {unknown}
 k - a potion of ambrosia
 o - a potion of cancellation
 r - a potion of might
 s - a potion of brilliance
Books
 b - a book of Conjurations

   Spells                             Type                      Level
   a - Magic Dart                     Conjuration                  1
   b - Searing Ray                    Conjuration                  2
   c - Dazzling Spray                 Conjuration/Hexes            3
   d - Fulminant Prism                Conjuration/Hexes            4
   e - Iskenderun's Mystic Blast      Conjuration                  4
   f - Iskenderun's Battlesphere      Conjuration/Charms           5
 y - a Necronomicon

   Spells                             Type                      Level
   a - Haunt                          Necromancy/Summoning         7
   b - Borgnjor's Revivification      Necromancy                   8
   c - Death's Door                   Charms/Necromancy            8
   d - Necromutation                  Transmutation/Necromancy     8
Comestibles
 c - 3 bread rations
 j - 2 slices of pizza
 u - a fruit
 x - 5 chunks of flesh


   Skills:
 + Level 1.9 Fighting
 + Level 0.6 Staves
 + Level 1.5 Armour
 * Level 4.8 Dodging
 + Level 3.6 Stealth
 * Level 5.0 Spellcasting
 * Level 5.7 Conjurations
 + Level 1.6 Hexes
 + Level 0.0 Ice Magic


You had 5 spell levels left.
You knew the following spells:

 Your Spells              Type           Power        Failure   Level  Hunger
a - Magic Dart            Conj           ####         1%          1    None
b - Searing Ray           Conj           ####..       1%          2    None
c - Dazzling Spray        Conj/Hex       ###.....     10%         3    ##.....
d - Iskenderun's Mystic   Conj           ####....     12%         4    ####...
e - Freeze                Ice            #...         12%         1    None


Dungeon Overview and Level Annotations

Branches:
Dungeon (4/15)
 Temple: D:4-7

Altars:
Elyvilon
Kikubaaqudgha
Vehumet
The Shining One

Shops:
D:4 (


Message History

The magic dart hits something.
Something hits you.
You hit something. Something hits you but does no damage.
You hear some strange, mumbled words.
A puff of flame appears from out of thin air!
The puff of flame hits you! You resist.
* * * LOW HITPOINT WARNING * * *
Unknown command.
Drink which item? (? for menu, Esc to quit)
Okay, then.
You hear some strange, mumbled words.
A magic dart appears from out of thin air!
The magic dart hits you!
* * * LOW HITPOINT WARNING * * *
Unknown command.
Unknown command.
Something hits you but does no damage.
You hear some strange, mumbled words.
A puff of frost appears from out of thin air!
The puff of frost hits you!
You die...

.##..#..#.≈≈.# ##.###...##o.#
##.# #.##.≈≈.# #.###...g..g.#
..##.#.##.≈≈.# #.# #....###.#
.....#.##.≈≈.###.###(..g##g.#
.....#.8#.≈≈.##.#.##..o.##)##
.....#.(#.≈≈.#g###g##.#.##)###
.....#'##.≈≈.#.####.o........#
.....#..'.≈≈.##.#####.#......#
.....#..#.≈≈.###@# #.......<.#
.....#..#.≈≈.# #.# #..(....?.#
.....#..#.≈≈.# ##. #.......|.#
... #(.#.≈≈.# #.#.........# .
#..#.≈≈.# .##.....#### #
#..#.≈≈.# #.#..... #..##≈≈##
#......# #### #....g## ......


You could see a gnoll.

Vanquished Creatures
  Blork the orc (D:4)
  2 hounds (D:4)
  An orc priest (D:3)
  3 orc wizards (D:4)
  Jessica (D:2)
  A worker ant (D:4)
  Robin (D:3)
  2 gnolls (D:4)
  7 adders
  An adder skeleton (D:4)
  5 worms
  4 giant geckos
  5 orcs
  A ball python (D:4)
  13 bats
  2 giant cockroaches
  16 goblins
  16 hobgoblins
  6 jackals
  8 kobolds
  3 quokkas
  3 giant newts
  5 rats
107 creatures vanquished.

Notes
Turn   | Place    | Note
--------------------------------------------------------------
     0 | D:1      | Kidiri the Deep Elf Conjurer began the quest for the Orb.
     0 | D:1      | Reached XP level 1. HP: 10/10 MP: 6/6
   394 | D:1      | Reached XP level 2. HP: 9/15 MP: 0/8
   562 | D:1      | Learned a level 2 spell: Searing Ray
  1173 | D:2      | Reached XP level 3. HP: 19/19 MP: 1/9
  1178 | D:2      | Learned a level 3 spell: Dazzling Spray
  1845 | D:2      | Reached XP level 4. HP: 24/24 MP: 7/10
  1908 | D:2      | Noticed Jessica
  1915 | D:2      | Killed Jessica
  1988 | D:2      | Reached skill level 1 in Fighting
  2492 | D:3      | Learned a level 4 spell: Iskenderun's Mystic Blast
  2512 | D:3      | Reached skill level 1 in Armour
  2519 | D:3      | Reached skill level 5 in Conjurations
  2785 | D:3      | Found a glowing golden altar of the Shining One.
  2869 | D:3      | Reached XP level 5. HP: 29/29 MP: 8/12
  3129 | D:3      | Found a radiant altar of Vehumet.
  3129 | D:3      | Found an ancient bone altar of Kikubaaqudgha.
  3135 | D:3      | Became a worshipper of Vehumet
  4052 | D:4      | Reached skill level 1 in Hexes
  4052 | D:4      | Reached XP level 6. HP: 29/34 MP: 0/14
  4199 | D:4      | Found Cass's Weapon Emporium.
  4244 | D:4      | Found a white marble altar of Elyvilon.
  4281 | D:4      | Noticed Blork the orc
  4291 | D:4      | Killed Blork the orc
  4297 | D:4      | Noticed Robin
  4326 | D:3      | Killed Robin
  4427 | D:4      | Reached * piety under Vehumet
  4427 | D:4      | Offered knowledge of Freeze by Vehumet.
  4654 | D:4      | Learned a level 1 spell: Freeze
  4820 | D:4      | Reached skill level 5 in Spellcasting
  4828 | D:4      | Reached XP level 7. HP: 26/39 MP: 3/16
  4856 | D:4      | Killed from afar by an orc wizard

Vault maps used:
D:1:      onia_arrival_mini_spirals, columned_hall_lemuel
D:2:      uniq_jessica
D:3:      kennysheep_the_goblin_king, gammafunk_temple_overflow_wave,
          first_bread, nicolae_tso_swordbearing_angel
D:4:      wad_river_or_something, kennysheep_mini, lemuel_round_altar,
          serial_shops, shop, uniq_blork_the_orc, uniq_robin

Action                   |  1- 3 |  4- 6 |  7- 9 || total
-------------------------+-------+-------+-------++-------
Melee: Dagger            |     4 |    13 |       ||    17
       Quarterstaff      |       |    17 |     4 ||    21
 Cast: Magic Dart        |    65 |   152 |     3 ||   220
       Dazzling Spray    |       |    21 |     2 ||    23
  Use: Scroll            |       |    12 |       ||    12
       Potion            |       |       |     1 ||     1
  Eat: Chunk             |     3 |    10 |       ||    13
